Map: 월드 오브 슬리퍼스 - 래더

Players

DPGPartinG (PartinG) - Winner!

  • Race: Protoss Protoss
  • League: Grandmaster
  • Spawn Location: 1:00

Impact

  • Race: Zerg Zerg
  • League: Grandmaster
  • Spawn Location: 7:00

VOD

Have the link to the VOD?

Description

Time

  • Played on: Jan. 16, 2020, 5:35 a.m.
  • Length: 6:27
Show
View Real Time Build Order
Export as new Build Order

DPGPartinG Protoss - Winner!

Build Orders: Cannon Rush 

Get SALT Encoding   

  12  0:00  Probe  
  13  0:12  Probe  
  14  0:18  Pylon  
  14  0:24  Probe (Chrono Boost)  
  15  0:36  Probe (Chrono Boost)  
  15  0:37  Gateway  
  16  0:45  Probe (Chrono Boost)  
  16  0:46  Assimilator  
  17  0:51  Probe  
  18  1:00  Forge  
  18  1:05  Probe  
  19  1:15  Pylon  
  19  1:17  Probe  
  20  1:24  Cybernetics Core  
  20  1:33  Photon Cannon  
  20  1:43  Photon Cannon  
  20  1:46  Probe  
  21  1:54  Photon Cannon  
  21  2:04  Shield Battery  
  21  2:12  Robotics Facility  
  21  2:21  Photon Cannon  
  21  2:27  Shield Battery  
  21  2:36  Pylon  
  21  2:44  Shield Battery  
  21  2:53  Shield Battery  
  21  2:55  Shield Battery  
  21  2:59  Observer (Chrono Boost)  
  21  3:02  Shield Battery  
  22  3:15  Immortal (Chrono Boost)  
  26  3:33  Shield Battery  
  26  3:44  Warp Prism (Chrono Boost)  
  26  3:48  Shield Battery  
  28  4:11  Immortal (Chrono Boost)  
  28  4:12  Shield Battery  
  32  4:33  Shield Battery  
  32  4:44  Immortal (Chrono Boost)  
  36  4:45  Shield Battery  
  36  5:00  Pylon  
  36  5:10  Shield Battery  
  36  5:20  Immortal (Chrono Boost)  
  40  5:29  Observer  
  40  5:35  Shield Battery x2  
Show
View Real Time Build Order
Export as new Build Order

Impact Zerg 

Build Orders: Pool First 

Get SALT Encoding   

  12  0:17  Spawning Pool  
  11  0:22  Drone  
  11  0:27  Drone  
  13  0:30  Drone  
  14  0:39  Overlord  
  14  1:04  Zergling x4  
  16  1:05  Zergling x2  
  17  1:16  Zergling x2  
  17  1:18  Hatchery  
  17  1:26  Zergling x2  
  17  1:32  Queen  
  18  1:37  Drone  
  21  1:48  Overlord  
  21  1:59  Drone  
  22  2:08  Queen  
  22  2:10  Drone  
  25  2:24  Drone  
  25  2:28  Extractor  
  25  2:29  Roach Warren  
  23  2:30  Spine Crawler  
  23  2:31  Drone  
  23  2:34  Drone  
  24  2:39  Drone  
  24  2:42  Drone  
  26  2:45  Drone  
  26  2:50  Extractor  
  26  2:51  Drone  
  27  2:58  Drone x2  
  29  3:06  Overlord  
  29  3:14  Drone  
  30  3:24  Roach x2  
  30  3:26  Roach  
  36  3:30  Roach  
  36  3:34  Extractor  
  37  3:41  Queen  
  37  3:45  Ravager  
  40  3:50  Ravager  
  40  3:52  Drone x2  
  43  3:59  Overlord  
  43  4:05  Ravager  
  43  4:07  Spore Crawler  
  43  4:19  Queen  
  43  4:22  Ravager  
  46  4:26  Drone  
  46  4:28  Drone  
  48  4:35  Roach  
  50  4:42  Roach  
  52  4:46  Overlord  
  50  4:54  Drone x2  
  52  5:00  Overlord  
  52  5:08  Ravager x2  
  52  5:11  Roach  
  56  5:15  Roach  
  56  5:18  Roach  
  60  5:23  Spore Crawler  
  59  5:31  Ravager  
  59  5:32  Roach x2  
  64  5:42  Roach, Ravager  
  63  5:48  Roach x2  
  59  5:54  Ravager x2  
  59  5:55  Drone  
  59  6:07  Roach x2  
  59  6:10  Ravager  
Tags
 
Add a new tag
Caveats
  • Supply blocks, unpowered buildings, or Contaminate may cause inaccurate times.
  • Supply counts are checked every 10 seconds.